 Dungeon Crawl Stone Soup version 0.30.1-4-g462c640d31 (webtiles) character file.

Game seed: 7606763084064432834

10 growler the Ducker (level 2, 18/22 HPs)
             Began as a Demonspawn Gladiator on Aug 15, 2023.
             Quit the game on level 1 of the Dungeon.
             The game lasted 00:00:30 (160 turns).

growler the Ducker (Demonspawn Gladiator)            Turns: 160, Time: 00:00:31

Health: 18/22      AC:  4    Str: 14    XL:     2   Next: 10%
Magic:  2/2        EV: 12    Int:  9    God:
Gold:   20         SH:  0    Dex: 14    Spells: 1/1 levels left

rFire   . . .        a - +0 war axe
rCold   . . .        (no shield)
rNeg    . . .        b - +0 leather armour
rPois   .            c - +0 helmet
rElec   .            (no cloak)
rCorr   .            (no gloves)
SInv    .            (no boots)
Will    .....        (no amulet)
Stlth   +            (no ring)
HPRegen 0.23/turn    (no ring)
MPRegen 0.08/turn

%: no passive effects
@: no status effects
A: hooves 1
a: no special abilities


You were on level 1 of the Dungeon.
You visited 1 branch of the dungeon, and saw 1 of its levels.

You collected 20 gold pieces.

Inventory:

Hand Weapons
 a - a +0 war axe (weapon)
Missiles
 d - 3 throwing nets (quivered)
 e - a javelin
Armour
 b - a +0 leather armour (worn)
 c - a +0 helmet (worn)
Jewellery
 f - a +4 ring of protection
Scrolls
 g - a scroll of teleportation {unknown}
 h - a scroll of magic mapping {unknown}


   Skills:
 + Level 2.2 Fighting
 + Level 2.8 Axes
 + Level 2.0 Throwing
 + Level 2.8 Dodging


You had one spell level left.
You didn't know any spells.
Your spell library was empty.

Dungeon Overview and Level Annotations

Branches:
Dungeon (1/15)

Altars:


Innate Abilities, Weirdness & Mutations

You have large cloven feet.


Message History

Found a scroll labelled ICETET CEL.
The goblin hits you with a +0 dagger.
You hit the goblin.
The goblin is moderately wounded.
The goblin hits you with a +0 dagger.
You barely miss the goblin.
The goblin is moderately wounded.
The goblin misses you. The goblin hits you with a +0 dagger.
You closely miss the goblin.
The goblin is moderately wounded.
The goblin completely misses you.
You slash the goblin!
You kill the goblin!
No target in view!
Things that are here:
a +0 dagger; a goblin corpse
g - a scroll labelled ICETET CEL
h - a scroll labelled CESSUN XIMOSES
Found 8 stones.
You now have 20 gold pieces (gained 14).
You see here 8 stones.
A dart slug comes into view.
Found 3 scrolls labelled VUDDO VOLUOM.
A dart slug is nearby!
The dart slug launches a dart at you. The slug dart misses you.
The dart slug barely misses you.
You hit the dart slug.
The dart slug is moderately wounded.
The dart slug bites you.
You hit the dart slug.
The dart slug is almost dead.
The dart slug bites you.
You slash the dart slug!
You kill the dart slug!
Your Throwing skill increases to level 2!
You have reached level 2!
Your demonic ancestry asserts itself...
Your feet thicken and deform.
Are you sure you want to abandon this character and quit the game? (Confirm with "yes".)

########### #......(..#
#####.........#
....#.........# ##
#...........# ##.. ..
####.........## ##.. .#
#.?..@........# ##.#
.###....†...#.....# ##.#
#..................#
##.###...................#
.#.............#....#....#
.#..............)........#
.................##.....##
...##............##.....#
.####...................#


There were no monsters in sight!

Vanquished Creatures
  2 dart slugs (D:1)
  An endoplasm (D:1)
  A goblin (D:1)
  A frilled lizard (D:1)
  A kobold (D:1)
  A rat (D:1)
7 creatures vanquished.

Notes
Turn   | Place    | Note
-------+----------+-------------------------------------------
     0 | D:1      | growler the Demonspawn Gladiator began the quest for the
                  | Orb.
     0 | D:1      | Reached XP level 1. HP: 16/16 MP: 1/1
   160 | D:1      | Gained mutation: You have large cloven feet. [demonic
                  | ancestry]
   160 | D:1      | Reached XP level 2. HP: 18/22 MP: 2/2
   160 | D:1      | Quit the game

Illustrated notes

Levels and vault maps discovered:
D:1:      minmay_arrival_glassed_features, layout_rooms, skrybe_limestone_x

Skill      XL: |  1 |
---------------+----+-----
Throwing       | 2 |  2.0
Fighting       | |  2.2
Axes           | |  2.8
Dodging        | |  2.8

Action                     || total
---------------------------++-------
  Melee: War axe           ||    19
 Armour: Leather armour    ||     8
  Dodge: Dodged            ||    12
